[Event "German Bundesliga 2024-25"]
[Site "Germany"]
[Date "2024.12.01"]
[Round "4.1"]
[White "Fedoseev, Vladimir"]
[Black "Saric, Ivan"]
[Result "1-0"]
[Annotator "TA"]
[ECO "D41"]
[WhiteElo "2712"]
[BlackElo "2668"]
[PlyCount "119"]
[EventDate "2024.09.27"]
[EventType "team-tourn"]
[EventCountry "GER"]
[SourceTitle "playchess.com"]
[Source "ChessBase"]
[SourceQuality "1"]
[WhiteTeam "Bayern Muenchen"]
[BlackTeam "Kirchweyhe"]
[TimeControl "40/5400+30:1800+30"]

1. d4 Nf6 2. c4 e6 3. Nf3 d5 4. Nc3 c5 5. cxd5 Nxd5 6. e4 Nxc3 7. bxc3 cxd4 8. cxd4 Bb4+ 9. Bd2 Bxd2+ 10. Qxd2 O-O 11. Rc1 Nc6 12. Be2 Qd6 13. O-O Bd7 {[%emt 0:06:36] D41: Queen's Gambit Declined: Semi-Tarrasch with 5 cxd5.} 14. e5 $146 ({Predecessor:} 14. Qe3 Rac8 15. h4 Rfd8 16. h5 h6 17. Rfd1 Nb4 18. Qa3 Rxc1 19. Rxc1 Bc6 20. Rc4 Na6 21. Qxd6 Rxd6 {1-0 Valles Moreno,I (2381)-Moreno Ibanez,M (2291) Madrid-chT Honor 2122 2021 (6.2)}) 14... Qb4 15. Qd3 h6 16. Rb1 Qa4 17. Rxb7 Nb4 $1 18. Qd1 a5 19. a3 Nd5 20. Qxa4 Bxa4 21. Ra1 Rfd8 22. Rb2 Nf4 23. Bd1 Bxd1 24. Rxd1 Rac8 25. g3 Rc3 26. Nd2 Nd3 27. Rb3 Rc1 28. Rxc1 Nxc1 29. Rb1 Rxd4 30. Rxc1 Rxd2 31. Rc5 a4 32. Rc4 Re2 33. f4 g5 34. Rxa4 gxf4 35. Rxf4 Rxe5 36. a4 f5 37. Kf2 Kf7 38. g4 Rc5 39. gxf5 exf5 40. Ke3 Kf6 41. Rb4 Rc2 42. h4 Rh2 43. a5 Rh3+ 44. Kd4 Rxh4+ 45. Kc5 $1 Rh1 ({Stronger than} 45... Rxb4 46. Kxb4 h5 47. a6 h4 48. a7 h3 49. a8=Q (49. a8=B f4 $11) 49... h2 50. Qh8+ (50. Qh1 Kg5 51. Qxh2 Kg4 52. Kc4 f4 53. Qg2+ Kf5 54. Kd5 Kf6) 50... Kg6 51. Qxh2) 46. a6 Ra1 47. Kb5 Kg5 $2 {[%emt 0:00:00][%mdl 8192] [#]} (47... h5 $11) 48. Ra4 $1 Rb1+ {[%emt 0:00:00] [#]} 49. Kc6 $1 Rc1+ 50. Kd7 Rd1+ 51. Ke7 Rc1 52. a7 Rc8 53. a8=Q Rxa8 54. Rxa8 h5 55. Ke6 h4 56. Ke5 Kg4 57. Kd4 f4 58. Kd3 h3 59. Ke2 h2 60. Rh8 1-0

[Event "German Bundesliga 2024-25"]
[Site "Germany"]
[Date "2024.12.01"]
[Round "4.1"]
[White "Warmerdam, Max"]
[Black "Svane, Frederik"]
[Result "1-0"]
[Annotator "TA"]
[ECO "C79"]
[WhiteElo "2653"]
[BlackElo "2654"]
[PlyCount "81"]
[EventDate "2024.09.27"]
[EventType "team-tourn"]
[EventCountry "GER"]
[SourceTitle "playchess.com"]
[Source "ChessBase"]
[SourceQuality "1"]
[WhiteTeam "SG Solingen"]
[BlackTeam "Hamburg"]
[TimeControl "40/5400+30:1800+30"]

1. e4 e5 2. Nf3 Nc6 3. Bb5 a6 4. Ba4 Nf6 5. O-O d6 6. c3 Bd7 7. d4 g6 8. Re1 Bg7 9. h3 O-O 10. Bc2 a5 11. Nbd2 {[%emt 0:03:34] White is slightly better.} a4 12. Nf1 Nh5 13. Bg5 Qc8 14. Rc1 Kh8 15. N1h2 Ra5 16. d5 Nd8 17. c4 b6 18. b4 axb3 19. axb3 Nb7 20. b4 Ra8 21. Be3 Qe8 22. Ra1 Rxa1 23. Qxa1 f5 24. Qa7 Qc8 25. c5 {[%emt 0:08:05] White is much more active.} dxc5 26. bxc5 bxc5 27. Bxc5 Nxc5 28. Qxc5 Re8 (28... Nf4 $11) 29. Nd2 Nf4 30. Nhf3 $36 {[%emt 0:00:54][%mdl 2048] Black is under pressure.} c6 (30... fxe4 $14 31. Bxe4 (31. Nxe4 Rf8 $14) 31... Bf5) 31. d6 $16 {[%emt 0:04:41] Hoping for exf5.} Ne6 (31... Qa6 $16 32. h4 Nd3 33. Bxd3 Qxd3) 32. Qa7 $18 {[%emt 0:00:11] Rb1 would now be deadly.} fxe4 (32... Nf8 {was necessary.} 33. Nc4 Qa8 34. Qxa8 Rxa8 35. exf5 (35. Nfxe5 Be6 $18) (35. Ncxe5 fxe4 36. Nxd7 Nxd7 $16) 35... e4) 33. Bxe4 {[%emt 0:01:11] [#] Black must now prevent Rb1.} Nd4 $2 (33... Nf8 {is more resistant.} 34. Nc4 Qb8) 34. Nxd4 exd4 35. Rb1 Be6 36. Rb7 Rg8 37. Nf3 {[%emt 0:03:43][%cal Ob7e7] [#] aiming for Re7!} Qf8 (37... d3 {might work better.} 38. Re7 (38. Bxd3 Qd8 $18) 38... Bb3) 38. Re7 ({Worse is} 38. Nxd4 Qxd6 39. Nxe6 (39. Nxc6 Qd2 $11) 39... Qxe6 $11) 38... Bb3 39. Qb7 Ba2 40. Qa7 $2 ({White should play} 40. Bxc6 $18 {And now Bd5 would win.} Qd8 41. Bd5 Bxd5 42. Qxd5) 40... Bd5 $2 (40... Bb3 $11 41. Nxd4 (41. Bxc6 d3 $18) 41... Qf4 42. Nxb3 Qxd6) 41. Bxd5 {[%emt 0:32:21] Weighted Error Value: White=0.34/Black=0.40.  Loses game:     	---       	Black=1      Mistake:       	---       	Black=6      Inaccurate:     	White=5     	Black=2      OK:         	White=10    	Black=8      Best:        	White=5     	---} 1-0

[Event "German Bundesliga 2024-25"]
[Site "Germany"]
[Date "2024.12.01"]
[Round "4.1"]
[White "Kollars, Dmitrij"]
[Black "Kazakouski, Valery"]
[Result "1/2-1/2"]
[Annotator "TA"]
[ECO "C54"]
[WhiteElo "2641"]
[BlackElo "2567"]
[PlyCount "71"]
[EventDate "2024.09.27"]
[EventType "team-tourn"]
[EventCountry "GER"]
[SourceTitle "playchess.com"]
[Source "ChessBase"]
[SourceQuality "1"]
[WhiteTeam "Deizisau"]
[BlackTeam "Bad Mergentheim"]
[TimeControl "40/5400+30:1800+30"]

1. e4 e5 2. Nf3 Nc6 3. Bc4 Bc5 4. c3 Nf6 5. d4 exd4 6. e5 d5 7. Bb5 Ne4 8. cxd4 Bb6 9. Nc3 O-O 10. Be3 f5 11. O-O Ne7 (11... f4 $11 12. Bc1 Bg4 13. Bxc6 bxc6) 12. Ne2 {[%emt 0:01:52] White is slightly better.} Ng6 13. g3 Bd7 ({Better is} 13... f4 $11 14. Nxf4 (14. Bxf4 Bg4 $17) 14... Nxf4 15. Bxf4 Bg4) 14. Bd3 Qe8 15. Ne1 h6 16. Ng2 c5 17. dxc5 Nxc5 18. f4 Rd8 19. Nd4 (19. Bc2 $16) 19... Nxd3 20. Qxd3 Bxd4 21. Qxd4 (21. Bxd4 Bb5 22. Qb3 Bxf1 23. Rxf1 b6 $15) 21... Bb5 22. Rfc1 Ne7 (22... Rf7 $1 $14) 23. Rc7 {[%emt 0:04:53] Black is weak on the dark squares} ({Much worse is} 23. Qxa7 $6 d4 24. Bf2 d3 $11) (23. a4 $16 Nc6 24. Qd1) 23... Nc6 24. Qc5 (24. Qd1 {simplifies} Rf7 25. Rxf7 Qxf7 26. Bd4) 24... Be2 (24... Bd3 $11) 25. Bd4 {[%emt 0:03:24] White is much more active.} ({White should play} 25. Rxb7 $14 d4 26. Bd2) 25... Rf7 $11 26. Rxf7 Qxf7 27. Qc3 {[%emt 0:04:39] Dodges Bd3} Qe6 (27... Qh5 $11 {is more appropriate.}) 28. Kf2 $14 Ba6 29. Rc1 Rc8 30. Ne3 b6 {[%emt 0:00:59] [#] Threatens to win with ...Nxd4.} 31. Qd2 Kh7 32. h4 Qg6 33. Qd1 ({Of course not} 33. Nxd5 Qe6 34. Be3 Nxe5 35. fxe5 Rxc1 $15) ({White should try} 33. Ra1 $14) 33... Nxd4 $11 {[%emt 0:05:32] The position is equal.} 34. h5 {[%emt 0:00:46] Really sharp!} (34. Rxc8 Ne2 35. Nf1 Nxg3) 34... Qf7 35. Rxc8 Bxc8 36. Qxd4 {[%emt 0:00:22] Weighted Error Value: White=0.20 (precise) /Black=0.17 (very precise) .  Mistake:       	White=4     	Black=5      Inaccurate:     	White=2     	---        OK:         	White=11    	Black=6      Best:        	White=1     	---} 1/2-1/2

[Event "German Bundesliga 2024-25"]
[Site "Germany"]
[Date "2024.12.01"]
[Round "4.1"]
[White "Livaic, Leon"]
[Black "Christiansen, Johan-Sebastian"]
[Result "1/2-1/2"]
[Annotator "TA"]
[ECO "E04"]
[WhiteElo "2557"]
[BlackElo "2661"]
[PlyCount "62"]
[EventDate "2024.09.27"]
[EventType "team-tourn"]
[EventCountry "GER"]
[SourceTitle "playchess.com"]
[Source "ChessBase"]
[SourceQuality "1"]
[WhiteTeam "Heimbach-Weis-Neuwied"]
[BlackTeam "St. Pauli"]
[TimeControl "40/5400+30:1800+30"]

1. d4 Nf6 2. c4 e6 3. Nf3 d5 4. g3 dxc4 5. Bg2 Nbd7 6. O-O c6 7. a4 a5 8. Qc2 b5 (8... Nd5 $11) 9. Ne5 $16 Nxe5 10. dxe5 {[%emt 0:00:04] White is slightly better.} Nd5 {[%emt 0:00:13] [#]} 11. axb5 $1 cxb5 12. Nc3 Qb6 13. Nxd5 exd5 14. Bxd5 Ra7 15. Bxc4 Bc5 {[%emt 0:23:46] [#] Wards off Be3} (15... bxc4 $14 16. Be3 Bc5 17. Qxc4 Bxe3 (17... Rc7 18. Rac1 $16) 18. Qxc8+ Qd8 19. Qxd8+ Kxd8 20. fxe3 Ke7) 16. Bd5 (16. b4 $1 $16 Bxf2+ 17. Rxf2 bxc4 18. Qa4+ (18. Qxc4 O-O $11) 18... Bd7 19. Qa3) 16... O-O $14 17. Kg2 {[%emt 0:13:06] Prevents Bh3+} Rc7 18. Qd3 ({Better is} 18. Bf4 $14) 18... b4 (18... h6 $11) 19. Qf3 {[%emt 0:04:03] White is more active.} Re7 20. e4 Rxe5 21. Be3 (21. Bf4 $14 Re7 22. Rfc1) 21... Bxe3 $11 {[%emt 0:09:15] The position is equal.} 22. Qxe3 Qxe3 23. fxe3 Be6 24. Rxa5 Bxd5 25. exd5 Rxe3 {[%emt 0:00:09][%mdl 4096] Endgame. KRR-KRR} 26. Rf3 Re2+ 27. Rf2 Re5 28. Rb5 h5 29. Rd2 Rd8 $1 30. Kf3 Kh7 31. h4 f6 {[%emt 0:00:26] Weighted Error Value: White=0.17 (very precise) /Black=0.14 (very precise) .  Mistake:       	White=3     	Black=3      Inaccurate:     	White=1     	Black=1      OK:         	White=4     	Black=8      Best:        	White=4     	Black=3      Strong:       	White=1     	Black=1} 1/2-1/2

[Event "German Bundesliga 2024-25"]
[Site "Germany"]
[Date "2024.12.01"]
[Round "4.2"]
[White "Bjerre, Jonas Buhl"]
[Black "Polak, Tomas"]
[Result "1-0"]
[Annotator "TA"]
[ECO "B13"]
[WhiteElo "2654"]
[BlackElo "2470"]
[PlyCount "81"]
[EventDate "2024.09.27"]
[EventType "team-tourn"]
[EventCountry "GER"]
[SourceTitle "playchess.com"]
[Source "ChessBase"]
[SourceQuality "1"]
[WhiteTeam "St. Pauli"]
[BlackTeam "Heimbach-Weis-Neuwied"]
[TimeControl "40/5400+30:1800+30"]

1. e4 c6 2. d4 d5 3. exd5 cxd5 4. Bd3 Nc6 5. c3 Nf6 6. Bf4 Bg4 7. Nf3 Qd7 8. Nbd2 e6 9. Qb3 Bxf3 10. Nxf3 Bd6 11. Bxd6 Qxd6 12. O-O O-O 13. Rfe1 Qc7 14. Qc2 g6 15. Re2 a6 {[%emt 0:11:52] White is slightly better.} 16. Qd2 Kg7 17. Rae1 Rae8 18. Ne5 Nxe5 19. dxe5 Nd7 20. Re3 (20. Qf4 {feels hotter.} h5 21. Re3 Rc8 22. Be2) 20... Rh8 21. h4 Qd8 22. Rh3 h5 23. Qf4 Qe7 24. Rg3 Rh7 25. Ree3 Kh8 26. Rg5 Rg8 27. Rh3 Rgg7 28. Be2 {[%emt 0:04:34] White is more active.} ({White should play} 28. c4 $14) 28... Rg8 29. Bd3 Rgg7 30. c4 Nb6 31. b3 dxc4 32. bxc4 Nd7 33. Bc2 Nc5 {[%emt 0:02:02] Wards off Rb3} 34. Kh2 b6 35. g4 hxg4 36. Qxg4 {[%emt 0:00:02] [#] h5 would now be deadly.} (36. Rxg4 Rh5 $15) 36... f5 $2 (36... Qc7 $11) 37. exf6 $18 Qxf6 38. Rf3 (38. Bxg6 Qxf2+ 39. Kh1 (39. Qg2 Qf4+ 40. Qg3 Qxg3+ 41. Rgxg3 Rh6 $11) 39... Qf1+ 40. Kh2 Qf2+ 41. Qg2 Qf4+ 42. Qg3 Qxg3+ 43. Rgxg3 (43. Kxg3 Rh6 $11) 43... Rh6 $11) 38... Qe7 39. Bxg6 (39. Rxg6 Qxh4+ 40. Qxh4 Rxh4+ 41. Rh3 Rxh3+ 42. Kxh3 Rxg6 43. Bxg6 Kg7 $17) 39... Rh6 40. h5 Ne4 (40... Nd7 $142 41. Qf4 e5) 41. Qxe4 {[%emt 0:04:38] Weighted Error Value: White=0.10 (very precise) /Black=0.34.  Loses game:     	---       	Black=1      Mistake:       	White=1     	Black=1      Inaccurate:     	White=4     	Black=4      OK:         	White=9     	Black=12     Best:        	White=2     	---} ({And not} 41. Re5 Nf6 42. Rxf6 Qxf6 43. Rxe6 Qxf2+ (43... Rgxg6 $2 {is the wrong capture.} 44. Rxf6 Rxf6 45. Kg3 $16) 44. Kh3 Rg8 $11 (44... Qxa2 45. Re8+ Rg8 46. Qd4#)) 1-0

[Event "German Bundesliga 2024-25"]
[Site "Germany"]
[Date "2024.12.01"]
[Round "4.2"]
[White "Svane, Rasmus"]
[Black "L'Ami, Erwin"]
[Result "1/2-1/2"]
[Annotator "RC"]
[ECO "B52"]
[WhiteElo "2628"]
[BlackElo "2614"]
[PlyCount "209"]
[EventDate "2024.09.27"]
[EventType "team-tourn"]
[EventCountry "GER"]
[SourceTitle "playchess.com"]
[Source "ChessBase"]
[SourceQuality "1"]
[WhiteTeam "Hamburg"]
[BlackTeam "SG Solingen"]
[TimeControl "40/5400+30:1800+30"]

1. e4 c5 2. Nf3 d6 3. Bb5+ Bd7 4. c4 Nc6 5. Nc3 g6 6. Bxc6 Bxc6 7. d4 Bg7 8. Be3 Nf6 9. d5 Bd7 10. h3 O-O 11. O-O a6 12. a4 Rb8 13. e5 Ne8 14. Bf4 b5 15. axb5 axb5 16. b3 bxc4 17. bxc4 Rb4 18. Qe2 dxe5 19. Bxe5 f6 20. Bf4 Nd6 21. Nd2 f5 22. Be5 Bxe5 23. Qxe5 Rb2 24. Nce4 Rc2 25. Nxd6 exd6 26. Qf4 g5 27. Qxd6 Rxd2 28. Ra7 Rf7 29. Rb1 Qe7 30. Qh6 Rg7 31. Rb8+ Kf7 32. Qh5+ Kf6 33. Rb6+ Ke5 34. Re6+ Bxe6 35. Rxe7 Rxe7 36. Qxg5 Rd1+ 37. Kh2 Kd6 38. Qg3+ Kd7 39. Qb3 Re1 40. Qb5+ Kd6 41. Qb6+ Ke5 42. Qb2+ Kd6 43. Qb6+ Ke5 44. Qxc5 Kf6 45. Qd4+ Kg6 46. dxe6 R1xe6 47. f4 h6 48. Qd5 Rf6 49. Qg8+ Rg7 50. Qd8 Rgf7 51. Qg8+ Rg7 52. Qc8 Rgf7 53. Kg3 Rf8 54. Qc5 R8f7 55. Kh4 Rf8 56. Kg3 R8f7 57. Kf3 Kh7 58. Qd5 Rc7 59. Qe5 Rfc6 60. Qxf5+ Kh8 61. Qh5 Kh7 62. g4 Rxc4 63. g5 R4c6 64. h4 Re7 65. Kg3 Rc3+ 66. Kg4 Rc6 67. Kg3 Rc3+ 68. Kg4 Rc6 69. Kf5 Kg7 70. Qd1 Rf7+ 71. Kg4 Rc4 72. Kh5 Rcxf4 73. Qa1+ Kg8 74. Kxh6 Rxh4+ 75. Kg6 Rhf4 76. Qa8+ Rf8 77. Qd5+ R8f7 78. Qd8+ Rf8 79. Qd5+ R8f7 80. Qe6 Rf1 81. Qc8+ Rf8 82. Qb7 R8f7 83. Qa8+ Rf8 84. Qd5+ R8f7 85. Kh6 Rh1+ 86. Kg6 Rhf1 87. Qe6 R1f2 88. Qe8+ Rf8 89. Qe5 R8f7 90. Qb8+ Rf8 91. Qb7 R8f7 92. Qa8+ Rf8 93. Qd5+ R8f7 94. Kh5 R2f5 95. Qe6 Kg7 96. Qg6+ Kh8 97. Qd6 Kg7 98. Qd4+ Kh7 99. Qd3 Kg7 100. Qe4 Kh7 101. Qe6 Kg7 102. Qg6+ Kh8 103. Kh6 Rxg5 104. Qxf7 Rg6+ 105. Kxg6 1/2-1/2

[Event "German Bundesliga 2024-25"]
[Site "Germany"]
[Date "2024.12.01"]
[Round "4.2"]
[White "Brkic, Ante"]
[Black "Santos Latasa, Jaime"]
[Result "1/2-1/2"]
[ECO "B85"]
[WhiteElo "2608"]
[BlackElo "2630"]
[PlyCount "46"]
[EventDate "2024.09.27"]
[EventType "team-tourn"]
[EventCountry "GER"]
[TimeControl "40/5400+30:1800+30"]

1. e4 c5 2. Nf3 e6 3. d4 cxd4 4. Nxd4 Nc6 5. Nc3 Qc7 6. Be2 Nf6 7. Ndb5 Qb8 8. f4 d6 9. Be3 Be7 10. O-O O-O 11. Qe1 a6 12. Nd4 Nxd4 13. Bxd4 b5 14. Bd3 Bb7 15. Qg3 Qc7 16. a3 Rad8 17. Kh1 Ne8 (17... Bc6 $11) 18. Rae1 (18. Qe3 {simplifies} Qd7 19. Rad1 Bc6 20. Qh3) 18... Bf6 {[%emt 0:04:09] The position is equal.} 19. e5 (19. Ne2 {simplifies} e5 20. fxe5 Bxe5 21. Qh4) 19... dxe5 20. Bxe5 Qb6 21. Be4 Be7 {[%emt 0:08:15] White must now prevent ...f6.} 22. Bxb7 Qxb7 23. Ne4 a5 {[%emt 0:02:11] An uneventful encounter.   Weighted Error Value: White=0.11 (very precise) /Black=0.11 (very precise) .  Mistake:       	---       	Black=1      Inaccurate:     	White=1     	---        OK:         	White=3     	Black=4} 1/2-1/2

[Event "German Bundesliga 2024-25"]
[Site "Germany"]
[Date "2024.12.01"]
[Round "4.2"]
[White "Laurusas, Tomas"]
[Black "Bluebaum, Matthias"]
[Result "1/2-1/2"]
[Annotator "TA"]
[ECO "D45"]
[WhiteElo "2579"]
[BlackElo "2654"]
[PlyCount "41"]
[EventDate "2024.09.27"]
[EventType "team-tourn"]
[EventCountry "GER"]
[SourceTitle "playchess.com"]
[Source "ChessBase"]
[SourceQuality "1"]
[WhiteTeam "Bad Mergentheim"]
[BlackTeam "Deizisau"]
[TimeControl "40/5400+30:1800+30"]

1. d4 Nf6 2. c4 e6 3. Nf3 d5 4. Nc3 c6 5. e3 Nbd7 6. Be2 Bd6 7. O-O O-O 8. b3 b6 9. Bb2 Bb7 10. Bd3 Re8 {[%emt 0:02:18] The position is equal.} 11. Re1 h6 12. Qe2 c5 13. cxd5 exd5 14. Ba6 Qc8 15. Bxb7 Qxb7 16. Red1 Red8 17. Rac1 Rac8 18. h3 Bb8 19. Rc2 a6 (19... c4 $11 {remains equal.}) 20. dxc5 $16 bxc5 21. Na4 {[%emt 0:00:43] Weighted Error Value: White=0.03 (flawless) /Black=0.13 (very precise) .  Mistake:       	---       	Black=1      Inaccurate:     	White=1     	Black=2      OK:         	White=8     	Black=4} 1/2-1/2

[Event "German Bundesliga 2024-25"]
[Site "Germany"]
[Date "2024.12.01"]
[Round "4.3"]
[White "Dardha, Daniel"]
[Black "Rakotomaharo, Fy Antenaina"]
[Result "1-0"]
[Annotator "TA"]
[ECO "B07"]
[WhiteElo "2606"]
[BlackElo "2429"]
[PlyCount "107"]
[EventDate "2024.09.27"]
[EventType "team-tourn"]
[EventCountry "GER"]
[SourceTitle "playchess.com"]
[Source "ChessBase"]
[SourceQuality "1"]
[WhiteTeam "Deizisau"]
[BlackTeam "Bad Mergentheim"]
[TimeControl "40/5400+30:1800+30"]

1. Nf3 Nf6 2. g3 g6 3. Bg2 Bg7 4. O-O O-O 5. d4 d6 6. Nc3 Nbd7 7. a4 a5 8. e4 e5 9. h3 Re8 10. Re1 c6 11. Be3 exd4 12. Bxd4 {[%emt 0:01:17] B07: Pirc Defence: Miscellaneous Systems.} Qc7 13. Nd2 (13. Qd2 $14) 13... b6 $11 14. f4 Ba6 15. Qf3 Re7 16. Qf2 Rae8 17. g4 $146 ({Predecessor:} 17. Rab1 Nc5 18. Kh2 Nh5 19. Nb3 Bxd4 20. Nxd4 Bb7 21. Re2 Ng7 22. Rbe1 Nge6 23. Nf3 {½-½ Landa,K-Akopian,V (2520) URS-qual U20 1989}) 17... h6 18. Rad1 Qb8 19. Nf1 c5 20. Bxf6 Nxf6 21. Ng3 b5 22. axb5 Bxb5 23. Nxb5 Qxb5 24. Rxd6 Qxb2 ({Black should try} 24... Rd7 $1 $14 25. Rxd7 Nxd7) 25. e5 $1 $16 (25. Qxc5 $6 Nd7 26. Qc6 Nf8 $11) 25... Nh7 26. Qxc5 (26. Bd5 $16 Nf8 27. h4 (27. Qxc5 Ne6 $16)) 26... Bf8 (26... Nf8 $14) 27. Qc4 $16 Re6 28. Rxe6 $1 Rxe6 29. Bd5 Qb6+ (29... Re7 $142 30. Re2 Qb6+ 31. Kg2 Kg7) 30. Kg2 $18 Re7 31. Ne4 Rc7 $2 (31... Ra7 {was called for.} 32. Qd3 Kg7) 32. Rb1 $18 Qa7 33. Qd3 Kh8 34. f5 gxf5 35. gxf5 a4 36. h4 a3 37. c3 $2 ({White has to play} 37. Kh3 $1 $18) 37... Rd7 $1 $14 38. e6 $2 (38. c4 $16 {stays on course.}) 38... fxe6 $17 39. fxe6 Rg7+ $2 ({Black should play} 39... Rd8 $1 $17 40. Rf1 (40. Rb7 $2 Qxb7 41. Qd4+ Bg7 $19) 40... a2) 40. Kh3 $14 Be7 $2 (40... a2 $1 $14 41. Ra1 Qc7 42. Rxa2 (42. Bxa2 $2 Qf4 $19) 42... Qf4) 41. Qd4 $18 a2 42. Ra1 (42. Qxa7 $2 axb1=Q (42... axb1=R 43. Nd2 $14) 43. Ng3 Bd6 $19) 42... Qb8 43. Rxa2 (43. Bxa2 $2 Qf4 $19) 43... Qf4 44. Ra8+ $1 Nf8 45. Qf2 $1 Qg4+ 46. Kh2 Rg8 {[%emt 0:00:05] [#]} 47. c4 $1 h5 {[%emt 0:02:41] [#]} 48. Re8 $2 ({White must play} 48. Ng5 $1 $18 {Strongly threatening c5.} Bd6+ 49. Kh1 Qd1+ 50. Qg1 Qxg1+ 51. Kxg1) 48... Qg7 $2 (48... Bxh4 $11 49. Qd4+ Kh7 50. Nf6+ Bxf6 51. Qxg4 (51. Qxf6 $2 {leads to mate.} Qg3+ 52. Kh1 Qh3#) 51... Rxg4 (51... hxg4 $2 52. e7 $18) 52. Rxf8 Be7) 49. Qf3 Qe5+ (49... Nh7 $18) 50. Kh3 Nxe6 51. Rxg8+ Kxg8 52. Qg3+ Qxg3+ 53. Nxg3 Kf7 54. Ne4 ({Weaker is} 54. Nxh5 Kg6 $16) (54. Bxe6+ Kxe6 55. Kg2 (55. Nxh5 Ke5 $11) 55... Bxh4 $11) 1-0

[Event "German Bundesliga 2024-25"]
[Site "Germany"]
[Date "2024.12.01"]
[Round "4.3"]
[White "Idani, Pouya"]
[Black "Predojevic, Borki"]
[Result "1/2-1/2"]
[Annotator "TA"]
[ECO "C55"]
[WhiteElo "2603"]
[BlackElo "2565"]
[PlyCount "51"]
[EventDate "2024.09.27"]
[EventType "team-tourn"]
[EventCountry "GER"]
[SourceTitle "playchess.com"]
[Source "ChessBase"]
[SourceQuality "1"]
[WhiteTeam "Bayern Muenchen"]
[BlackTeam "Kirchweyhe"]
[TimeControl "40/5400+30:1800+30"]

1. e4 e5 2. Nf3 Nc6 3. Bc4 Nf6 4. d3 Be7 5. Nc3 d6 6. a3 O-O 7. h3 a5 8. O-O h6 9. d4 exd4 {[%emt 0:16:58] The position is equal.} 10. Nxd4 Nxd4 11. Qxd4 Nd7 12. Nd5 Bf6 13. Nxf6+ Qxf6 14. Qxf6 Nxf6 15. Bd3 Re8 16. f3 a4 17. Bd2 Nd7 18. Rfe1 Nc5 19. Bb5 Bd7 20. Bf1 h5 21. Rad1 f6 22. h4 b6 23. Re3 Re7 24. Bc1 Be6 25. Rc3 Bf7 26. Kf2 {[%emt 0:04:37] Weighted Error Value: White=0.04 (flawless) /Black=0.05 (flawless) .  OK:         	White=6     	Black=6} 1/2-1/2

[Event "German Bundesliga 2024-25"]
[Site "Germany"]
[Date "2024.12.01"]
[Round "4.3"]
[White "Ragger, Markus"]
[Black "Huschenbeth, Niclas"]
[Result "1/2-1/2"]
[Annotator "TA"]
[ECO "D27"]
[WhiteElo "2579"]
[BlackElo "2594"]
[PlyCount "67"]
[EventDate "2024.09.27"]
[EventType "team-tourn"]
[EventCountry "GER"]
[SourceTitle "playchess.com"]
[Source "ChessBase"]
[SourceQuality "1"]
[WhiteTeam "SG Solingen"]
[BlackTeam "Hamburg"]
[TimeControl "40/5400+30:1800+30"]

1. d4 d5 2. c4 dxc4 3. Nf3 Nf6 4. e3 e6 5. Bxc4 c5 6. O-O a6 7. Be2 Nbd7 8. b3 b6 9. Ne5 Bb7 10. Bf3 Bxf3 11. Qxf3 {[%emt 0:00:02] The position is equal.} Bd6 12. Nxd7 Nxd7 13. Bb2 {[%emt 0:00:11] Threatens to win with dxc5.} cxd4 14. Bxd4 O-O 15. Nd2 Be5 16. Qe4 Bxd4 17. Qxd4 Nc5 18. Nc4 Qxd4 19. exd4 Nd7 20. Rfd1 b5 21. Ne3 Nf6 22. d5 exd5 23. Nxd5 Nxd5 24. Rxd5 $11 {[%emt 0:00:04][%mdl 4096] Endgame. KRR-KRR} Rfc8 25. g3 g6 26. Rad1 Rc2 27. a4 bxa4 28. bxa4 Rc4 29. a5 Ra4 30. R1d4 Ra1+ 31. Rd1 Ra2 32. R1d2 Ra1+ 33. Rd1 Ra2 34. R1d2 {[%emt 0:00:03] A balanced but interesting game.   Weighted Error Value: White=0.01 (flawless) /Black=0.01 (flawless) .  OK:         	White=9     	Black=22} 1/2-1/2

[Event "German Bundesliga 2024-25"]
[Site "Germany"]
[Date "2024.12.01"]
[Round "4.3"]
[White "Zilka, Stepan"]
[Black "Maurizzi, Marc`Andria"]
[Result "1/2-1/2"]
[Annotator "TA"]
[ECO "D63"]
[WhiteElo "2539"]
[BlackElo "2585"]
[PlyCount "55"]
[EventDate "2024.09.27"]
[EventType "team-tourn"]
[EventCountry "GER"]
[SourceTitle "playchess.com"]
[Source "ChessBase"]
[SourceQuality "1"]
[WhiteTeam "Heimbach-Weis-Neuwied"]
[BlackTeam "St. Pauli"]
[TimeControl "40/5400+30:1800+30"]

1. d4 Nf6 2. c4 e6 3. Nc3 d5 4. Bg5 Be7 5. e3 h6 6. Bh4 Nbd7 7. Nf3 c6 8. Rc1 O-O 9. a3 Ne8 10. Bxe7 Qxe7 11. Qc2 Nd6 12. cxd5 exd5 13. Bd3 Nf6 14. O-O g6 15. Na4 Bf5 16. Nc5 Bxd3 17. Qxd3 Nd7 18. b4 a5 19. Qb3 Ra7 20. h3 Rfa8 21. Rfe1 axb4 22. axb4 Ra2 23. Qb1 Nb6 24. Qd3 Rb2 25. Ra1 Rba2 (25... Rxb4 $2 {perishes.} 26. Rxa8+ Nxa8 27. Qa3 $18) 26. Rxa2 {[%emt 0:00:37] The position is equal.} Rxa2 27. Qb1 Ra8 28. e4 {[%emt 0:08:48] Weighted Error Value: White=0.11 (very precise) /Black=0.12 (very precise) .  Inaccurate:     	White=2     	Black=3      OK:         	White=5     	Black=2} 1/2-1/2